 Dungeon Crawl Stone Soup version 0.31.0-12-g77e489cdc1 (webtiles) character file.

Game seed: 9711515670126885553

2557 hawla the Cutter (level 9, -9/53 (69) HPs)
             Began as a Yellow Draconian Conjurer on Feb 13, 2024.
             Was a Follower of Qazlal.
             Mangled by Prince Ribbit (14 damage)
             ... on level 7 of the Dungeon on Feb 14, 2024.
             The game lasted 00:20:43 (7101 turns).

hawla the Cutter (Yellow Draconian Conjurer)        Turns: 7101, Time: 00:20:43

HP:   -9/53 (69)    AC:  7    Str: 11    XL:     9   Next: 31%
MP:   3/13          EV: 10    Int: 25    God:    Qazlal [*.....]
Gold: 255           SH: 12    Dex:  9    Spells: 3/14 levels left

rFire   + . .        j - +3 dagger of the Orcish Mines {pain, rF+ Int+3 SInv}
rCold   . . .        n - +1 kite shield
rNeg    . . .        (body armour unavailable)
rPois   .            (helmet restricted)
rElec   .            (no cloak)
rCorr   +            (no gloves)
SInv    +            (no boots)
Will    .....        f - amulet of magic regeneration
Stlth   ++           g - ring of flight
HPRegen 0.28/turn    (no ring)
MPRegen 0.53/turn

%: no passive effects
@: flying, very slightly contaminated, studying Fire Magic, heavily drained
A: spit acid, AC +7, unfitting armour, cold-blooded, acid resistance
a: Breathe Acid, Renounce Religion


You were on level 7 of the Dungeon.
You worshipped Qazlal.
Qazlal was aware of your devotion.
You visited 2 branches of the dungeon, and saw 8 of its levels.

You collected 402 gold pieces.
You spent 147 gold pieces at shops.

Inventory:

Hand Weapons
 b - a +1 quick blade of venom
 j - the +3 dagger of the Orcish Mines (weapon) {pain, rF+ Int+3 SInv}
   (You bought it in a shop on level 2 of the Dungeon)

   Int+3:     It affects your intelligence (+3).
   rF+:       It protects you from fire.
   SInv:      It lets you see invisible.
Armour
 n - a +1 kite shield (worn)
Jewellery
 d - an amulet of regeneration
 f - an amulet of magic regeneration (around neck)
 g - a ring of flight (left hand)
 l - a +5 ring of evasion
Wands
 h - a wand of acid (7)
 q - a wand of paralysis (5)
Scrolls
 k - 3 scrolls of revelation
 m - a scroll of immolation
 o - a scroll of brand weapon
 p - a scroll of amnesia
 s - a scroll of enchant armour
Potions
 c - 2 potions of attraction
 e - a potion of curing
 i - a potion of brilliance


   Skills:
 - Level 3.0 Fighting
 + Level 7.2 Short Blades
 - Level 3.0 Dodging
 - Level 3.0 Stealth
 + Level 7.2 Shields
 - Level 3.0 Spellcasting
 - Level 5.0 Conjurations
 - Level 2.0 Necromancy
 - Level 3.0 Translocations


You had 3 spell levels left.
You knew the following spells:

 Your Spells              Type           Power      Damage    Failure   Level
a - Magic Dart            Conj           100%       1d8       4%          1
b - Searing Ray           Conj           56%        2d6       6%          2
c - Iskenderun's Mystic   Conj/Tloc      23%        2d6       52%         4
d - Airstrike             Air            1%         2d(1-17)  97%         4

Your spell library contained the following spells:

 Spells                   Type           Power      Damage    Failure   Level
 Shock                    Conj/Air       64%        1d7       12%         1
 Necrotise                Necr           52%        1d6       14%         1
 Vampiric Draining        Necr           13%        2d6       38%         3
 Summon Ice Beast         Ice/Summ       3%         N/A       67%         3
 Swiftness                Air            3%         N/A       67%         3
 Fulminant Prism          Conj/Alch      8%         3d7       75%         4
 Martyr's Knell           Necr/Summ      8%         N/A       91%         4
 Leda's Liquefaction      Alch/Erth      1%         N/A       97%         4
 Curse of Agony           Necr           13%        N/A       98%         5
 Lee's Rapid Deconstruct  Erth           1%         3d4*      100%        5
 Summon Mana Viper        Hex/Summ       3%         N/A       100%        5
 Bombard                  Conj/Erth      8%         9d2       100%        6
 Monstrous Menagerie      Summ           1%         N/A       100%        7


Dungeon Overview and Level Annotations

Branches:
Dungeon (7/15)             Temple (1/1) D:6

Altars:
Cheibriados
Dithmenos
Elyvilon
Gozag
Hepliaklqana
Kikubaaqudgha
Makhleb
Nemelex Xobeh
Okawaru
Qazlal
Sif Muna
Trog
Uskayaw
Wu Jian
Xom
Yredelemnul

Shops:
D:2 (

Annotations:
D:3 1 transporter, Buffagor's ghost, amateur MfSh
D:7 Prince Ribbit


Innate Abilities, Weirdness & Mutations

You can spit globs of acid.
Your golden yellow scales are hard. (AC +7)
You cannot fit into any form of body armour.
You are cold-blooded and may be slowed by cold attacks.
You are resistant to acid. (rCorr)


Message History

Prince Ribbit is lightly wounded.
Prince Ribbit croaks.
Casting: Magic Dart (safe; 4% risk of failure)
Confirm with . or Enter, or press ? or * to list all spells.
Aiming: Magic Dart (safe; 4% risk of failure)
Press: ? - help, Shift-Dir - straight line, f/p - Prince Ribbit
Aim: Prince Ribbit (lightly wounded, 100% to hit)
You miscast Magic Dart.
Nothing appears to happen.
Casting: Magic Dart (safe; 4% risk of failure)
Confirm with . or Enter, or press ? or * to list all spells.
Aiming: Searing Ray (safe; 6% risk of failure)
Press: ? - help, Shift-Dir - straight line, f/p - Prince Ribbit
Aim: Prince Ribbit (lightly wounded, 63% to hit)
The searing ray misses Prince Ribbit. (Press . to maintain the ray.)
The searing ray hits Prince Ribbit!
Prince Ribbit is moderately wounded.
The searing ray hits Prince Ribbit.
Prince Ribbit is heavily wounded.
You block Prince Ribbit's attack.
The searing ray hits Prince Ribbit.
Prince Ribbit is heavily wounded.
You finish channelling your searing ray.
You block Prince Ribbit's attack.
Casting: Searing Ray (safe; 6% risk of failure)
Confirm with . or Enter, or press ? or * to list all spells.
You erupt in a blast of force!
The mystic blast hits Prince Ribbit!
Prince Ribbit is almost dead.
You hear a shout!
Prince Ribbit hits you!
* * * LOW HITPOINT WARNING * * *
You block Prince Ribbit's attack.
Unknown command.
Casting: Iskenderun's Mystic Blast (quite dangerous; 52% risk of failure)
Confirm with . or Enter, or press ? or * to list all spells.
Aiming: Searing Ray (safe; 6% risk of failure)
Press: ? - help, Shift-Dir - straight line, f/p - Prince Ribbit
Aim: Prince Ribbit (almost dead, 63% to hit)
You miscast Searing Ray.
Nothing appears to happen.
Prince Ribbit hits you!
You die...

#..#.>.z.#.##
#.....
#.##......#
#....#
#g....##..#
#....#
#...$.###.#
#...)#
###..#### ###
#..... #....#
####..
#...##)#
##..... #..
#F#
#######...###
#. #@#
#........## #
###
##...[..###
#......##
##.....#
#....###
####.####
#...## #...#
#####


You could see Prince Ribbit and a gnoll.

Vanquished Creatures
  Sigmund (D:4)
  A steam dragon (D:6)
  Edmund (D:4)
  A water moccasin (D:5)
  A sky beast (D:7)
  An orc warrior (D:7)
  3 ogres
  A centaur (D:6)
  4 phantoms
  A bullfrog (D:6)
  8 wights (D:7)
  A bombardier beetle (D:6)
  A hound (D:5)
  A jelly (D:6)
  2 gnoll boudas
  5 orc priests
  Natasha (twice) (D:3)
  4 iguanas
  2 orc wizards
  12 gnolls
  5 adders
  2 shadow imps
  A white imp (D:5)
  A dart slug (D:4)
  2 ribbon worms
  17 orcs
  6 ball pythons
  8 endoplasms
  3 giant cockroaches
  7 goblins
  6 hobgoblins
  4 jackals (D:2)
  2 quokkas
  5 bats
  2 frilled lizards
  7 kobolds
  9 rats
140 creatures vanquished.

Notes
Turn   | Place    | Note
-------+----------+-------------------------------------------
     0 | D:1      | hawla the Draconian Conjurer began the quest for the Orb.
     0 | D:1      | Reached XP level 1. HP: 14/14 MP: 3/3
   208 | D:1      | Reached XP level 2. HP: 22/22 MP: 0/5
   211 | D:1      | Learned a level 2 spell: Searing Ray
   530 | D:1      | Reached skill level 1 in Fighting
   693 | D:1      | Reached XP level 3. HP: 28/28 MP: 2/6
  1724 | D:2      | Found Solos Qauf's Antique Weapon Shop.
  1733 | D:2      | Bought an encrusted dagger for 147 gold pieces
  1733 | D:2      | Identified the +3 dagger of the Orcish Mines {pain, rF+
                  | Int+3 SInv} (You bought it in a shop on level 2 of the
                  | Dungeon)
  1987 | D:3      | Identified a scroll of acquirement
  1987 | D:3      | Acquired a +1 quick blade of venom
  2079 | D:3      | Noticed an ogre
  2084 | D:3      | Found a transporter.
  2090 | D:3      | Noticed Buffagor's ghost (amateur MfSh)
  2162 | D:3      | Reached XP level 4. HP: 36/36 MP: 7/7
  2184 | D:3      | Noticed Natasha
  2195 | D:3      | Killed Natasha
  2321 | D:3      | Noticed Natasha
  2331 | D:3      | Killed Natasha
  2636 | D:3      | Learned a level 4 spell: Iskenderun's Mystic Blast
  2660 | D:3      | Noticed an ogre
  2795 | D:4      | Reached XP level 5. HP: 42/42 MP: 9/9
  2885 | D:4      | Noticed Sigmund
  2892 | D:4      | Killed Sigmund
  2893 | D:4      | Reached skill level 1 in Necromancy
  2893 | D:4      | Reached skill level 1 in Translocations
  2893 | D:4      | Reached XP level 6. HP: 43/51 MP: 3/10
  3283 | D:4      | Noticed Edmund
  3295 | D:4      | Killed Edmund
  3517 | D:5      | Entered Level 5 of the Dungeon
  3530 | D:4      | Reached skill level 5 in Conjurations
  3776 | D:5      | Reached skill level 1 in Short Blades
  3776 | D:5      | Reached skill level 1 in Shields
  3776 | D:5      | Your scales start taking on a golden yellow colour.
  3776 | D:5      | Reached XP level 7. HP: 52/57 MP: 7/11
  3776 | D:5      | Gained mutation: You are resistant to acid. (rCorr) [Yellow
                  | Draconian growth]
  4177 | D:5      | Reached XP level 8. HP: 49/63 MP: 12/12
  4309 | D:5      | Learned a level 4 spell: Airstrike
  4986 | D:5      | Found an ornate altar of the Wu Jian Council.
  5038 | D:6      | Found a staircase to the Ecumenical Temple.
  5048 | Temple   | Entered the Ecumenical Temple
  5076 | Temple   | Became a worshipper of Qazlal Stormbringer
  5346 | D:6      | Reached skill level 5 in Short Blades
  5346 | D:6      | Reached skill level 5 in Shields
  6488 | D:6      | Found an ancient bone altar of Kikubaaqudgha.
  6625 | D:7      | Reached XP level 9. HP: 56/69 MP: 13/13
  6783 | D:7      | Reached * piety under Qazlal
  7093 | D:7      | Noticed Prince Ribbit
  7101 | D:7      | Mangled by Prince Ribbit

Illustrated notes

Levels and vault maps discovered:
D:1:      enne_arrival_octagon_isle, layout_loops_ring
D:2:      layout_basic, serial_shops, shop, kennysheep_small_spiral,
          minmay_quantized
D:3:      layout_basic, gammafunk_ghost_smash, uniq_natasha
D:4:      layout_cave_pods, minmay_goblin_kobold_house, uniq_sigmund,
          uniq_edmund
D:5:      layout_loops_cross, pdpol_wu_jian_five_deadly_venoms,
          minmay_manual_mullet
D:6:      layout_basic, lemuel_coloured_pillars_altar,
          minmay_temple_entry_stoned_glass
D:7:      layout_rooms, nicolae_ru_path_of_blood, hex_tiny, st_stairs_13,
          uniq_prince_ribbit1
Temple:   minmay_temple_curvy_branch

Skill      XL: |  1  2  3  4  5  6  7  8  9 |
---------------+----------------------------+-----
Dodging        | 2 3 |  3.0
Stealth        | 2 3 |  3.0
Fighting       | 1 2 3 |  3.0
Spellcasting   | 3 |  3.0
Necromancy     | 1 2 |  2.0
Translocations | 1 3 |  3.0
Conjurations   | 5 |  5.0
Short Blades   | 1 3 6 7 |  7.2
Shields        | 1 3 6 7 |  7.2

Action                     |  1- 3 |  4- 6 |  7- 9 || total
---------------------------+-------+-------+-------++-------
  Melee: Unarmed           |    25 |       |       ||    25
         Tailslap          |     4 |    13 |    48 ||    65
         Punch             |     1 |       |       ||     1
         Dagger            |    15 |    56 |   233 ||   304
         Quick blade       |       |    56 |   116 ||   172
   Cast: Magic Dart        |    38 |    15 |    17 ||    70
         Searing Ray       |    15 |    12 |    22 ||    49
         Iskenderun's Myst |       |     1 |     3 ||     4
Ability: Breathe Acid      |       |       |     2 ||     2
  Evoke: Wand              |       |       |     1 ||     1
    Use: Scroll            |     6 |     3 |    11 ||    20
         Potion            |     1 |       |     5 ||     6
   Stab: Sleeping          |     3 |     2 |     1 ||     6
         Paralysed         |       |       |     1 ||     1
 Armour: Skin              |    37 |    76 |   183 ||   296
  Dodge: Dodged            |    39 |    56 |   133 ||   228
  Block: Kite shield       |       |    24 |   153 ||   177
